 Dungeon Crawl Stone Soup version 0.23.2-33-g5129a83184 (webtiles) character file.

Game seed: 7346687293644794491

133 psyvane the Chiller (level 5, 0/35 HPs)
             Began as a Merfolk Ice Elementalist on June 30, 2019.
             Slain by Menkaure (14 damage)
             ... on level 4 of the Dungeon.
             The game lasted 00:15:11 (3126 turns).

psyvane the Chiller (Merfolk Ice Elementalist)      Turns: 3126, Time: 00:15:12

Health: 0/35       AC:  6    Str: 13    XL:     5   Next: 16%
Magic:  1/8        EV: 13    Int: 16    God:
Gold:   197        SH:  0    Dex: 14    Spells: 3/9 levels left

rFire    . . .     SeeInvis .   h - +0 spear (venom)
rCold    . . .     Gourm    .   (no shield)
rNeg     . . .     Faith    .   a - +0 robe
rPois    .         Spirit   .   (no helmet)
rElec    .         Reflect  .   o - +0 cloak
rCorr    .         Harm     .   g - +0 pair of gloves
MR       .....                  (no boots)
Stlth    ++........             (no amulet)
HPRegen  0.11/turn              (no ring)
MPRegen  0.11/turn              i - +2 ring of protection

@: mighty, very slightly contaminated
A: change form in water, swift swim, stealthy swim
a: no special abilities


You were on level 4 of the Dungeon.
You were very hungry.

You visited 1 branch of the dungeon, and saw 4 of its levels.

You collected 197 gold pieces.

Inventory:

Hand Weapons
 d - a +0 club
 h - a +0 spear of venom (weapon)
Missiles
 e - 143 stones (quivered)
Armour
 a - a +0 robe (worn)
 g - a +0 pair of gloves (worn)
 o - a +0 cloak (worn)
Jewellery
 i - a +2 ring of protection (right hand)
Scrolls
 k - 2 scrolls of remove curse
 l - 5 scrolls of identify
 n - a scroll of enchant weapon {unknown}
Comestibles
 c - 5 rations


   Skills:
 - Level 3.4 Dodging
 - Level 3.0 Stealth
 - Level 2.5 Spellcasting
 * Level 1.2 Conjurations
 - Level 5.0 Ice Magic


You had 3 spell levels left.
You knew the following spells:

 Your Spells              Type           Power        Failure   Level  Hunger
a - Freeze                Ice            ###.         2%          1    #......
b - Throw Frost           Conj/Ice       ##....       9%          2    ##.....
c - Ozocubu's Armour      Chrm/Ice       ##......     22%         3    ###....

Your spell library contained the following spells:

 Spells                   Type           Power        Failure   Level  Hunger
 Throw Icicle             Conj/Ice       ##......     47%         4    #####..
 Summon Ice Beast         Ice/Summ       ##......     56%         4    #####..


Dungeon Overview and Level Annotations

Branches:
Dungeon (4/15)
 Temple: D:4-7

Altars:
Gozag
Kikubaaqudgha
Trog
Xom

Annotations:
D:4 Menkaure


Message History

Menkaure misses you.
You barely miss Menkaure.
Menkaure is moderately damaged.
Menkaure hits you but does no damage.
You hit Menkaure.
Menkaure is heavily damaged.
Menkaure gestures at you while chanting.
Pain shoots through your body!
Casting: Freeze (safe; 2% risk of failure)
Confirm with . or Enter, or press ? or * to list all spells.
Aiming: Freeze (safe; 2% risk of failure)
Press: ? - help, Shift-Dir - straight line, f - Menkaure
Aim: Menkaure (heavily damaged) Menkaure resists.
You freeze Menkaure.
Menkaure is severely damaged.
Menkaure barely misses you.
You barely miss Menkaure.
Menkaure is severely damaged.
Menkaure hits you!
You die...

#O. .##.#
#.# .....
#.# ###.#
#.# #.#
#.#
#.######.#
#.....M@.#
##########


You could see an ogre (sleeping) and Menkaure.

Vanquished Creatures
  5 adders
  3 oozes
  4 dart slugs
  2 orcs
  5 bats
  2 giant cockroaches
  10 goblins
  4 hobgoblins
  7 jackals (D:1)
  2 quokkas
  3 frilled lizards
  11 kobolds
  8 rats
66 creatures vanquished.

Vanquished Creatures (others)
  A rat (D:2)
1 creature vanquished.

Grand Total: 67 creatures vanquished

Notes
Turn   | Place    | Note
-------+----------+-------------------------------------------
     0 | D:1      | psyvane the Merfolk Ice Elementalist began the quest for
                  | the Orb.
     0 | D:1      | Reached XP level 1. HP: 13/13 MP: 3/3
   123 | D:1      | Reached XP level 2. HP: 5/19 MP: 0/5
   694 | D:1      | Reached skill level 4 in Ice Magic
   759 | D:1      | Learned a level 2 spell: Throw Frost
   877 | D:1      | Reached XP level 3. HP: 24/24 MP: 3/6
  1791 | D:2      | Reached XP level 4. HP: 26/30 MP: 7/7
  1994 | D:2      | Learned a level 3 spell: Ozocubu's Armour
  2301 | D:2      | Found a shimmering altar of Xom.
  2301 | D:2      | Found an ancient bone altar of Kikubaaqudgha.
  2302 | D:2      | Found an opulent altar of Gozag.
  2303 | D:2      | Found a bloodstained altar of Trog.
  2567 | D:3      | Reached skill level 5 in Ice Magic
  2752 | D:3      | Reached XP level 5. HP: 33/35 MP: 8/8
  2924 | D:3      | Reached skill level 1 in Conjurations
  3121 | D:4      | Noticed Menkaure
  3121 | D:4      | Noticed an ogre
  3126 | D:4      | Slain by Menkaure

Skill      XL: |  1  2  3  4  5 |
---------------+----------------+-----
Dodging        | 3 |  3.4
Ice Magic      | 4 5 |  5.0
Stealth        | 3 |  3.0
Conjurations   | 1 |  1.2
Spellcasting   | |  2.5

Action                   |  1- 3 |  4- 6 || total
-------------------------+-------+-------++-------
Melee: Unarmed           |    22 |       ||    22
       Club              |    12 |       ||    12
       Spear             |    16 |    43 ||    59
 Cast: Freeze            |    45 |    29 ||    74
       Throw Frost       |       |     3 ||     3
  Use: Scroll            |     4 |     1 ||     5
       Potion            |       |     2 ||     2
 Stab: Sleeping          |     3 |     5 ||     8
  Eat: Chunk             |     4 |     3 ||     7
Armor: Robe              |    21 |    10 ||    31
Dodge: Dodged            |    59 |    25 ||    84
